 Dungeon Crawl Stone Soup version 0.18.1-8-gdd0e5ea (webtiles) character file.

80 Scarto the Covered (level 4, -10/29 HPs)
             Began as a Gargoyle Fighter on May 24, 2016.
             Mangled by Crazy Yiuf
             ... wielding a +4 quarterstaff of chaos
              (11 damage)
             ... on level 3 of the Dungeon.
             The game lasted 00:03:23 (1482 turns).

Scarto the Covered (Gargoyle Fighter)               Turns: 1482, Time: 00:03:24

Health: -10/29     AC: 10    Str: 26    XL:     4   Next: 39%
Magic:  4/4        EV:  7    Int:  8    God:
Gold:   91         SH: 10    Dex:  9    Spells: 0 memorised, 3 levels left

rFire  . . .     SeeInvis .     i - +4 mace
rCold  . . .     Gourm    .     b - +0 scale mail
rNeg   + . .     Faith    .     c - +1 shield
rPois  ∞         Spirit   .     (no helmet)
rElec  +         Dismiss  .     (no cloak)
rCorr  .         Reflect  .     (no gloves)
SustAt .         Harm     .     (no boots)
MR     .....                    (no amulet)
Stlth  ..........               (no ring)
                                (no ring)

@: mighty, not resistant to hostile enchantments, extremely unstealthy
A: negative energy resistance 1, electricity resistance, unbreathing,
petrification resistance, rot immunity, AC +3
a: no special abilities


You were on level 3 of the Dungeon.
You were not hungry.

You visited 1 branch of the dungeon, and saw 3 of its levels.

You collected 91 gold pieces.

Inventory:

Hand Weapons
 i - a +4 mace (weapon)
Armour
 b - a +0 scale mail (worn)
 c - a +1 shield (worn)
Scrolls
 o - a scroll of identify
Potions
 a - a potion of invisibility {unknown}
 d - 2 potions of might
 e - a potion of brilliance
 g - a potion of ambrosia {unknown}
 m - a potion of agility
 n - a potion of mutation {unknown}
Comestibles
 f - 2 bread rations
 h - a beef jerky
 j - 5 fruits
 k - a chunk of flesh
 l - 2 slices of pizza


   Skills:
 + Level 3.8 Fighting
   Level 2.1(2.2) Axes
 + Level 1.0(1.8) Maces & Flails
 + Level 4.2 Armour
 - Level 0.5 Dodging
 + Level 3.7 Shields


You had 3 spell levels left.
You didn't know any spells.

Dungeon Overview and Level Annotations

Branches:
Dungeon (3/15)

Altars:

Annotations:
D:3 Crazy Yiuf


Innate Abilities, Weirdness & Mutations

You are resistant to torment.
Your stone body is resilient (AC +3).
You are immune to poison.
You resist negative energy.
You are resistant to electric shocks.
You can survive without breathing.
You are immune to petrification.
You are immune to rotting.


Message History

You are too injured to fight recklessly!
You are too injured to fight recklessly!
You are too injured to fight recklessly!
You are too injured to fight recklessly!
You are too injured to fight recklessly!
You are too injured to fight recklessly!
You are too injured to fight recklessly!
You are too injured to fight recklessly!
You are too injured to fight recklessly!
Drink which item? (? for menu, Esc to quit)
You feel very mighty all of a sudden.
Crazy Yiuf hits you with a quarterstaff of chaos.
You completely miss Crazy Yiuf. Crazy Yiuf closely misses you.
Your shield prevents you from hitting Crazy Yiuf.
Crazy Yiuf barely misses you.
You barely miss Crazy Yiuf.
Crazy Yiuf hits you with a quarterstaff of chaos!
* * * LOW HITPOINT WARNING * * *
Crazy Yiuf hits you with a quarterstaff of chaos!
You die...

##.....### #.....#
####### ######
.....#####♣♣ ###
.....##.#..♣♣ ♣♣#..)#
....(.......♣♣♣♣@g...#
.............♣..♣#...#
..###...#...♣.♣♣♣ ###
........##♣♣♣♣♣
#####...# #...# #....
#.....


You could see Crazy Yiuf.

Vanquished Creatures
  2 adders (D:3)
  3 dart slugs
  A giant gecko (D:1)
  4 orcs (D:3)
  3 bats
  A giant cockroach (D:1)
  7 goblins
  4 hobgoblins
  4 jackals (D:2)
  10 kobolds
  A quokka (D:3)
  A ball python (D:1)
  2 giant newts
  4 rats
47 creatures vanquished.

Notes
Turn   | Place    | Note
--------------------------------------------------------------
     0 | D:1      | Scarto the Gargoyle Fighter began the quest for the Orb.
     0 | D:1      | Reached XP level 1. HP: 14/14 MP: 1/1
    20 | D:1      | Reached XP level 2. HP: 14/19 MP: 2/2
   500 | D:1      | Reached XP level 3. HP: 23/23 MP: 3/3
  1333 | D:3      | Reached skill level 4 in Armour
  1333 | D:3      | Reached XP level 4. HP: 29/29 MP: 4/4
  1448 | D:3      | Reached skill level 1 in Maces & Flails
  1472 | D:3      | Noticed Crazy Yiuf
  1482 | D:3      | HP: 1/29 [Crazy Yiuf/quarterstaff of chaos (11)]
  1482 | D:3      | Mangled by Crazy Yiuf

Skill      XL: |  1  2  3  4 |
---------------+-------------+-----
Axes           | 2 |  2.1
Armour         | 4 |  4.2
Maces & Flails | 1 |  1.0
Fighting       | |  3.8
Dodging        | |  0.5
Shields        | |  3.7

Action                   |  1- 3 |  4- 6 || total
-------------------------+-------+-------++-------
Melee: War axe           |    10 |       ||    10
       Mace              |    87 |    36 ||   123
  Use: Scroll            |     6 |       ||     6
       Potion            |       |     1 ||     1
  Eat: Chunk             |     1 |     1 ||     2
Armor: Scale mail        |    62 |    21 ||    83
Dodge: Dodged            |    41 |    11 ||    52
Block: Shield            |    60 |    16 ||    76
